 Dungeon Crawl Stone Soup version 0.29.0-4-gdea44cf6ec (webtiles) character file.

Game seed: 7109766436042066098

63 qw the Chopper (level 4, -5/26 HPs)
             Began as a Tengu Warper on Aug 28, 2022.
             Slain by a wight
             ... wielding a +0 long sword
              (6 damage)
             ... on level 3 of the Dungeon.
             The game lasted 00:00:11 (2280 turns).

qw the Chopper (Tengu Warper)                       Turns: 2280, Time: 00:00:12

Health: -5/26      AC: 11    Str: 14    XL:     4   Next: 9%
Magic:  8/8        EV:  4    Int: 13    God:
Gold:   197        SH:  0    Dex: 13    Spells: 7/7 levels left

rFire   . . .      SeeInvis .   Y - +2 hand axe
rCold   . . .      Faith    .   (no shield)
rNeg    . . .      Spirit   .   n - +0 plate armour
rPois   .          Reflect  .   (helmet restricted)
rElec   .          Harm     .   h - scarf {repulsion}
rCorr   .          Rampage  .   b - +0 pair of gloves
Will    .....                   (boots unavailable)
Stlth   ..........              (no amulet)
HPRegen 0.08/turn               (no ring)
MPRegen 0.11/turn               (no ring)

@: lethally poisoned (-5 -> -15), repel missiles
A: beak, talons 3
a: no special abilities


You were on level 3 of the Dungeon.
You visited 1 branch of the dungeon, and saw 3 of its levels.

You collected 197 gold pieces.


Innate Abilities, Weirdness & Mutations

You have a beak for a mouth.
You have claws for feet.


   Skills:
 - Level 2.0 Fighting
 - Level 4.3 Axes
 - Level 1.0 Throwing
 + Level 1.9 Armour
 - Level 2.1 Dodging
 - Level 2.0 Spellcasting
 - Level 2.4 Translocations


You had 7 spell levels left.
You didn't know any spells.
Your spell library contained the following spells:

 Spells                   Type           Power      Damage    Failure   Level
 Blink                    Tloc           14%        N/A       100%        2
 Gell's Gravitas          Tloc           7%         N/A       100%        3
 Lesser Beckoning         Tloc           7%         N/A       100%        3
 Teleport Other           Tloc           7%         N/A       100%        3
 Manifold Assault         Tloc           7%         N/A       100%        5

Inventory:

Hand Weapons
 q - a +0 flail
 Y - a +2 hand axe (weapon)
Armour
 b - a +0 pair of gloves (worn)
 h - a scarf of repulsion (worn)
 n - a +0 plate armour (worn)
Jewellery
 a - a +4 ring of evasion
 o - a ring of fire
Potions
 c - 3 potions of haste
 d - a potion of mutation {unknown}
 e - a potion of curing {unknown}
 g - a potion of heal wounds {unknown}
 i - 3 potions of cancellation
 m - a potion of brilliance {unknown}
 p - a potion of berserk rage {unknown}

Dungeon Overview and Level Annotations

Branches:
Dungeon (3/15)

Altars:


Message History

You now have 179 gold pieces (gained 10).
You now have 187 gold pieces (gained 8).
Found a scroll of butterflies.
Found a scroll of poison.
i - 3 potions of cancellation (gained 1)
An endoplasm comes into view.
The endoplasm quivers.
You hit the endoplasm. You claw the endoplasm.
You kill the endoplasm!
Found a stone staircase leading up.
Enter note:
Found a leather armour.
You now have 197 gold pieces (gained 10). 2 wights and a frilled lizard come into view.
The frilled lizard hisses angrily.
A wight comes into view. It is wielding a +3 scimitar.
A wight comes into view. It is wielding a +0 dagger.
A wight comes into view. It is wielding a +2 spear of venom.
Found 2 bubbling silvery potions.
An adder comes into view.
The adder hisses angrily.
You see here a bubbling silvery potion.
You barely miss the wight. You miss the frilled lizard. You hit the wight.
The frilled lizard bites you.
You hit the wight.
The wight is lightly damaged.
You closely miss the frilled lizard. You barely miss the wight.
The frilled lizard bites you. The wight hits you with a +0 scimitar.
The wight hits you from afar with a +2 spear of venom.
The wight hits you but does no damage.
You closely miss the wight. You claw the wight, but do no damage.
The wight is lightly damaged.
You barely miss the wight. You hit the frilled lizard. You hit the wight.
The wight hits you but does no damage.
The frilled lizard bites you but does no damage.
The wight hits you with a +0 scimitar!
The wight hits you from afar with a +2 spear of venom.
You are lethally poisoned!
The wight hits you with a +0 long sword.
You die...

....##############....?...
##### ##...#.####
##......# #.......# ...
#.......# ....
######.......#.....
.......?S......[...
......zzz....#.....
......l@.....######
.....z.z.....#
.!...............
....<..#...######
.......##### .......
....... #######


You could see 5 wights, an adder and a frilled lizard.

Vanquished Creatures
  3 adders (D:2)
  A worm (D:2)
  A dart slug (D:1)
  4 bats
  An endoplasm (D:3)
  4 goblins (D:1)
  2 hobgoblins
  5 quokkas
  2 ball pythons
  4 frilled lizards
  4 kobolds
  2 rats
33 creatures vanquished.

Notes
Turn   | Place    | Note
-------+----------+-------------------------------------------
     0 | D:1      | qw the Tengu Warper began the quest for the Orb.
     0 | D:1      | Reached XP level 1. HP: 12/12 MP: 4/4
     0 | D:1      | 0 ||| qw: Version: 0.1-a-89-g26bdef1
     0 | D:1      | 0 ||| qw: Game counter: 1548
     0 | D:1      | 0 ||| qw: Always use a shield: true
     0 | D:1      | 0 ||| qw: God list: Okawaru
     0 | D:1      | 0 ||| qw: Allow faded altars: false
     0 | D:1      | 0 ||| qw: Do Orc after D:15 true
     0 | D:1      | 0 ||| qw: Do second Lair branch before Depths: true
     0 | D:1      | 0 ||| qw: Lair rune preference: random
     0 | D:1      | 0 ||| qw: Plans: Normal
     0 | D:1      | 0 ||| PLANNING D:1-11
   243 | D:1      | Reached skill level 3 in Axes
   243 | D:1      | Reached XP level 2. HP: 15/17 MP: 6/6
   635 | D:1      | 635 ||| Stepping ~*~*~tactically~*~*~ (hiding).
   737 | D:1      | 737 ||| Stepping ~*~*~tactically~*~*~ (hiding).
  1126 | D:1      | 1126 ||| UPGRADING to +0 chain mail.
  1136 | D:1      | 1136 ||| DROPPING +0 leather armour.
  1137 | D:1      | 1137 ||| DROPPING +0 ring mail of willpower.
  1138 | D:1      | 1138 ||| READING scroll labelled ZEBATE EROEBEG.
  1139 | D:1      | 1139 ||| READING scroll labelled NEYBOSCHEIVO.
  1140 | D:1      | 1140 ||| READING 2 scrolls labelled RON LAXYNIX.
  1145 | D:1      | 1145 ||| DRINKING 2 inky potions.
  1146 | D:1      | 1146 ||| DRINKING 2 bubbling white potions.
  1147 | D:1      | 1147 ||| DROPPING scroll of blinking.
  1148 | D:1      | 1148 ||| DROPPING potion of flight.
  1266 | D:2      | Reached XP level 3. HP: 10/21 MP: 7/7
  1467 | D:2      | Reached skill level 4 in Axes
  1949 | D:2      | 1949 ||| DROPPING +0 whip.
  2028 | D:2      | 2028 ||| UPGRADING to +0 pair of gloves.
  2033 | D:2      | 2033 ||| UPGRADING to scarf of repulsion.
  2038 | D:2      | 2038 ||| UPGRADING to +0 plate armour.
  2048 | D:2      | 2048 ||| DROPPING +0 chain mail.
  2049 | D:2      | 2049 ||| READING scroll labelled ULOCYK MIMOALE.
  2050 | D:2      | 2050 ||| READING scroll labelled CUEG WOCSY.
  2051 | D:2      | 2051 ||| READING 2 scrolls labelled PIAC DAZ KYE.
  2052 | D:2      | 2052 ||| READING scroll of enchant weapon.
  2052 | D:2      | 2052 ||| ENCHANTING +1 hand axe.
  2053 | D:2      | 2053 ||| READING scroll labelled LOT WAFEOBYSIN.
  2054 | D:2      | 2054 ||| DRINKING 3 murky brown potions.
  2055 | D:2      | 2055 ||| READING scroll of teleportation.
  2083 | D:3      | 2083 ||| STAIRDANCE
  2093 | D:3      | Reached XP level 4. HP: 24/26 MP: 8/8
  2217 | D:3      | 2217 ||| DROPPING +0 hand axe of venom.
  2280 | D:3      | HP: 5/26 [wight/+0 scimitar (8)]
  2280 | D:3      | HP: 1/26 [wight/+2 spear of venom (4)]
  2280 | D:3      | Slain by a wight

Levels and vault maps discovered:
D:1:      dpeg_arrival_oval, layout_loops_ring
D:2:      layout_basic, dk_vineyard_3, nicolae_concentric_dashed_squares_mild,
          corexii_shack
D:3:      layout_rooms, chequers_garden

Skill      XL: |  1  2  3 |
---------------+----------+-----
Axes           | 3 4 |  4.3
Fighting       | |  2.0
Throwing       | |  1.0
Armour         | |  1.9
Dodging        | |  2.1
Spellcasting   | |  2.0
Translocations | |  2.4

Action                   |  1- 3 |  4- 6 || total
-------------------------+-------+-------++-------
Melee: Hand axe          |    78 |     7 ||    85
       Peck              |     8 |       ||     8
       Kick              |    14 |     2 ||    16
       Punch             |       |     1 ||     1
Throw: Boomerang         |     7 |       ||     7
  Use: Scroll            |     9 |       ||     9
       Potion            |     3 |       ||     3
Armor: Leather armour    |    12 |       ||    12
       Chain mail        |    19 |       ||    19
       Plate armour      |     6 |     3 ||     9
Dodge: Dodged            |    26 |       ||    26

Table legend:
 A = Non-vault XP
 B = Vault XP
 C = Vault XP percentage of total XP
 D = Non-vault monster count
 E = Vault monster count
 F = Vault count percentage of total count
                 A         B        C        D         E       F
            +---------+---------+-------+---------+---------+-------
      Total |      88 |       2 |   2.2 |      32 |       1 |   3.0
            +---------+---------+-------+---------+---------+-------
        D:1 |      29 |       0 |   0.0 |      17 |       0 |   0.0
        D:2 |      50 |       2 |   3.8 |       9 |       1 |  10.0
        D:3 |       9 |       0 |   0.0 |       6 |       0 |   0.0
            +---------+---------+-------+---------+---------+-------
